 Dungeon Crawl Stone Soup version 0.23.1 (webtiles) character file.

Game seed: 0

2481 Borgoz the Sneak (level 9, -7/75 HPs)
             Began as a Ghoul Assassin on Mar 7, 2019.
             Was a Follower of Ashenzari.
             Mangled by Pikel
             ... wielding a +0 whip of electrocution
              (14 damage)
             ... on level 5 of the Dungeon.
             The game lasted 00:18:55 (9398 turns).

Borgoz the Sneak (Ghoul Assassin)                   Turns: 9398, Time: 00:18:56

Health: -7/75      AC:  7    Str: 15    XL:     9   Next: 51%
Magic:  18/18      EV: 15    Int:  8    God:    Ashenzari [*.....]
Gold:   467        SH:  0    Dex: 15    Spells: 8/8 levels left

rFire    . . .     SeeInvis .   a - +2 dagger
rCold    + . .     Gourm    .   (no shield)
rNeg     + + +     Faith    .   D - +1 leather armour of the Sky {Regen+} (curse)
rPois    ∞         Spirit   .   p - +0 helmet
rElec    .         Reflect  .   d - +0 cloak (curse)
rCorr    .         Harm     .   (no gloves)
MR       .....                  (no boots)
Stlth    +++.......             (no amulet)
HPRegen  0.00/turn              w - ring of magical power
MPRegen  0.16/turn              j - +4 ring of dexterity

@: rotting
A: rotting body, claws 1, carnivore, cold resistance 1, negative energy
resistance 3, inhibited regeneration, torment resistance, unbreathing
a: Curse Item, Scrying, Renounce Religion


You were on level 5 of the Dungeon.
You worshipped Ashenzari.
Ashenzari was aware of your devotion.
You were not hungry.

You visited 2 branches of the dungeon, and saw 9 of its levels.

You collected 467 gold pieces.

Inventory:

Hand Weapons
 a - a +2 dagger (weapon)
 b - a +0 blowgun
Missiles
 e - 73 poisoned needles
 f - 2 curare-tipped needles
 q - 2 throwing nets (quivered)
Armour
 d - a cursed +0 cloak (worn)
 p - a +0 helmet (worn)
 D - the cursed +1 leather armour of the Sky (worn) {Regen+}
   (You found it on level 7 of the Dungeon)

   It increases your rate of regeneration.
   It has a curse placed upon it.
Jewellery
 h - an uncursed ring of flight
 j - a +4 ring of dexterity (right claw)
 m - an uncursed ring of magical power
 n - an uncursed ring of fire
 w - a ring of magical power (left claw)
Wands
 c - a wand of random effects (19)
 t - a wand of flame (20)
 u - a wand of disintegration (17)
 x - a wand of acid (7)
Scrolls
 i - a scroll of fear {unknown}
 k - a scroll of magic mapping
 l - 5 scrolls of identify {unknown}
 o - 3 scrolls of remove curse
 y - a scroll of amnesia {unknown}
 B - a scroll of vulnerability {unknown}
Potions
 v - 2 potions of curing
Comestibles
 g - 10 rations


   Skills:
 + Level 6.0 Fighting
 + Level 5.6 Short Blades
 + Level 1.7 Throwing
 + Level 4.4 Armour
 + Level 5.4 Dodging
 + Level 7.5 Stealth
 + Level 2.2 Evocations


You had 8 spell levels left.
You didn't know any spells.
Your spell library contained the following spells:

 Spells                   Type           Power        Failure   Level  Hunger
 Freeze                   Ice            #...         47%         1    ##.....
 Throw Frost              Conj/Ice       #.....       63%         2    ###....
 Ozocubu's Armour         Chrm/Ice       #.......     85%         3    ####...
 Summon Ice Beast         Ice/Summ       #.......     99%         4    #####..
 Throw Icicle             Conj/Ice       #.......     99%         4    #####..


Dungeon Overview and Level Annotations

Branches:
Dungeon (8/15)             Temple (1/1) D:4
   Lair: D:8-11

Altars:
Ashenzari
Cheibriados
Dithmenos
Elyvilon
Fedhas
Gozag
Kikubaaqudgha
Makhleb
Okawaru
Qazlal
Ru
Sif Muna
Trog
Uskayaw
Vehumet
Wu Jian
Xom
Yredelemnul
Zin

Annotations:
D:5 Pikel, Prince Ribbit


Innate Abilities, Weirdness & Mutations

Your body is rotting away.
You thrive on raw meat.
You are immune to poison.
You have sharp fingernails.
You are carnivorous and can eat meat at any time.
Your flesh is cold resistant. (rC+)
You are immune to negative energy. (rN+++)
You do not regenerate when monsters are visible.
You are immune to unholy pain and torment.
You can survive without breathing.


Message History

The slave is lightly wounded.
Pikel hits you with a +0 whip of electrocution.
You are electrocuted!
a - a +2 dagger (weapon)
Pikel barely misses you.
You feel better.
Pikel hits you with a +0 whip of electrocution.
Pikel closely misses you.
There is an open door here.
You see here a poisoned needle.
Pikel hits you but does no damage.
You are electrocuted!
Pikel hits you but does no damage.
You are electrocuted!
* * * LOW HITPOINT WARNING * * *
Pikel hits you but does no damage. Pikel closely misses you.
The slave looks more healthy.
Pikel hits you with a +0 whip of electrocution!
* * * LOW HITPOINT WARNING * * *
You are electrocuted!
You die...

#.##.# ###....# #..............
#.#..# ###.....# #..............
#.#.###.....#...# #..............
#.#.###.#####...###..............
#...#...# #..#..##.#.....#.....#
##).#<# #.##..##.#############
##Fpp)# #. ##>...# ...##........
#.#..# ...#......### #@#..#
..........# #K#..# ..........#
#...## ..........# ##p..#
...##.....# #(p..# ....#.....#
#p#..# ....# ### #.#p.# ....#
#.(.## ...## ##..##


You could see Pikel (berserk) and 4 slaves.

Vanquished Creatures
  A hog (D:7)
  A sky beast (D:6)
  A phantom (D:7)
  2 ice beasts (D:7)
  4 ogres
  2 centaurs
  2 necrophages (D:7)
  6 bullfrogs
  3 scorpions
  2 howler monkeys
  2 hounds
  2 orc priests (D:4)
  A bullfrog skeleton (D:7)
  An iguana (D:7)
  An iron imp (D:7)
  2 orc wizards
  6 worker ants
  A hound skeleton (D:4)
  Robin (D:2)
  7 gnolls
  6 adders
  2 oozes
  2 adder skeletons
  3 worms
  4 leopard geckos
  21 orcs
  6 bats
  3 giant cockroaches
  14 goblins
  10 hobgoblins
  10 jackals
  4 quokkas
  2 ball pythons
  3 frilled lizards
  9 kobolds
  A leopard gecko skeleton (D:4)
  10 rats
158 creatures vanquished.

Vanquished Creatures (others)
  A wyvern skeleton (D:7)
  A worker ant zombie (D:7)
  A ball python (D:7)
3 creatures vanquished.

Grand Total: 161 creatures vanquished

Notes
Turn   | Place    | Note
-------+----------+-------------------------------------------
     0 | D:1      | Borgoz the Ghoul Assassin began the quest for the Orb.
     0 | D:1      | Reached XP level 1. HP: 17/17 MP: 0/0
   100 | D:1      | Reached skill level 1 in Dodging
   129 | D:1      | Reached XP level 2. HP: 17/25 MP: 1/1
   481 | D:1      | Reached XP level 3. HP: 17/30 MP: 2/2
   950 | D:2      | Reached skill level 1 in Armour
  1039 | D:2      | Noticed Robin
  1059 | D:2      | Killed Robin
  1059 | D:2      | Reached XP level 4. HP: 26/37 MP: 3/3
  1134 | D:2      | Found a faded altar of an unknown god.
  1977 | D:2      | Reached XP level 5. HP: 45/45 MP: 4/4
  2285 | D:3      | Reached skill level 5 in Stealth
  3139 | D:4      | Found a staircase to the Ecumenical Temple.
  3141 | D:4      | Reached XP level 6. HP: 51/51 MP: 5/5
  3146 | Temple   | Entered the Ecumenical Temple
  3236 | Temple   | Became a worshipper of Ashenzari the Shackled
  3594 | D:5      | Entered Level 5 of the Dungeon
  3901 | D:4      | HP: 2/51 [scorpion (6)]
  4172 | D:4      | Reached XP level 7. HP: 55/57 MP: 6/6
  5384 | D:5      | Reached skill level 6 in Stealth
  5477 | D:5      | Reached XP level 8. HP: 48/67 MP: 7/7
  5520 | D:5      | Noticed Prince Ribbit
  5575 | D:5      | Noticed Pikel
  6144 | D:6      | Reached skill level 5 in Fighting
  6750 | D:7      | Reached skill level 5 in Short Blades
  6753 | D:7      | HP: 2/67 [steam dragon] (9)]
  7066 | D:7      | Reached * piety under Ashenzari
  7738 | D:7      | Reached skill level 7 in Stealth
  7738 | D:7      | Reached skill level 1 in Evocations
  7763 | D:7      | Reached XP level 9. HP: 58/74 MP: 8/8
  7776 | D:7      | Reached skill level 5 in Dodging
  7851 | D:7      | Identified the cursed +1 leather armour of the Sky {Regen+}
  8485 | D:7      | Found a snail-covered altar of Cheibriados.
  9398 | D:5      | Mangled by Pikel

Skill      XL: |  1  2  3  4  5  6  7  8  9 |
---------------+----------------------------+-----
Dodging        | 1 2 3 4 5 |  5.4
Short Blades   | 2 3 4 5 |  5.6
Armour         | 1 2 3 4 |  4.4
Fighting       | 3 4 5 6 |  6.0
Stealth        | 5 6 7 |  7.5
Evocations     | 1 2 |  2.2
Throwing       | |  1.7

Action                   |  1- 3 |  4- 6 |  7- 9 || total
-------------------------+-------+-------+-------++-------
Melee: Dagger            |   185 |   296 |   636 ||  1117
 Fire: Blowgun           |       |     5 |    37 ||    42
Invok: Curse Item        |       |       |     1 ||     1
  Use: Scroll            |     1 |     1 |     5 ||     7
       Potion            |     1 |     8 |     5 ||    14
 Stab: Sleeping          |     6 |     6 |     4 ||    16
       Invisible         |     3 |       |       ||     3
       Distracted        |       |       |     1 ||     1
  Eat: Chunk             |    17 |    19 |    40 ||    76
Armor: Robe              |    25 |       |       ||    25
       Leather armour    |    17 |    39 |    86 ||   142
       Scale mail        |       |       |    50 ||    50
Dodge: Dodged            |   124 |   166 |   332 ||   622
